 Dungeon Crawl Stone Soup version 0.25.1-2-g60ff931df9 (webtiles) character file.

Game seed: 11353841344895919830

46 DildoBatman the Magician (level 3, -5/24 HPs)
             Began as a Formicid Wizard on Oct 20, 2020.
             Slain by a bullfrog (7 damage)
             ... on level 5 of the Dungeon.
             The game lasted 00:04:53 (2424 turns).

DildoBatman the Magician (Formicid Wizard)          Turns: 2424, Time: 00:04:54

Health: -5/24      AC:  3    Str: 11    XL:     3   Next: 92%
Magic:  4/7        EV: 12    Int: 18    God:
Gold:   66         SH:  0    Dex:  9    Spells: 1/8 levels left

rFire    . . .     SeeInvis +   a - +0 short sword
rCold    . . .     Gourm    .   (no shield)
rNeg     . . .     Faith    +   i - +0 robe
rPois    .         Spirit   .   (helmet unavailable)
rElec    .         Reflect  .   (no cloak)
rCorr    .         Harm     .   f - +0 pair of gloves
MR       .....                  (no boots)
Stlth    +.........             g - amulet of faith
HPRegen  0.08/turn              (no ring)
MPRegen  0.10/turn              (no ring)

@: confused
A: permanent stasis, dig shafts and tunnels, four strong arms, antennae 3
a: Dig, Shaft Self


You were on level 5 of the Dungeon.
You were hungry.

You visited 1 branch of the dungeon, and saw 5 of its levels.

You collected 66 gold pieces.

Inventory:

Hand Weapons
 a - a +0 short sword (weapon)
 b - a +0 club
 o - a +0 spear
 r - a +0 dagger
Missiles
 h - 132 stones (quivered)
 s - 25 sling bullets
 w - 17 poisoned darts
Armour
 f - a +0 pair of gloves (worn)
 i - a +0 robe (worn)
Jewellery
 g - an amulet of faith (around neck)
Scrolls
 c - 2 scrolls of fog {unknown}
 k - a scroll of immolation {unknown}
 m - a scroll of teleportation {unknown}
 n - 2 scrolls of magic mapping {unknown}
 q - a scroll of identify {unknown}
 x - a scroll of enchant armour {unknown}
Potions
 d - a potion of stabbing {unknown}
 e - 2 potions of curing {unknown}
 l - a potion of heal wounds {unknown}
 p - a potion of flight {unknown}
 t - 2 potions of ambrosia {unknown}
 z - a potion of brilliance {unknown}
Comestibles
 u - 5 chunks of flesh
 v - 2 rations


   Skills:
 - Level 1.7 Dodging
 - Level 2.4 Stealth
 - Level 3.2 Spellcasting
 * Level 3.1 Conjurations
   Level 1.0 Summonings
   Level 0.8 Translocations


You had one spell level left.
You knew the following spells:

 Your Spells              Type           Power        Failure   Level  Hunger
a - Conjure Flame         Conj/Fire      #.......     26%         3    ###....
c - Magic Dart            Conj           ##..         4%          1    None
e - Mephitic Cloud        Conj/Pois/Air  #.......     30%         3    ###....

Your spell library contained the following spells:

 Spells                   Type           Power        Failure   Level  Hunger
 Call Imp                 Summ           #.......     16%         2    ##.....
 Slow                     Hex            #.......     24%         2    ##.....
 Blink                    Tloc           Unusable     N/A         2    N/A

Dungeon Overview and Level Annotations

Branches:
Dungeon (6/15)
 Temple: D:4-7

Altars:

Annotations:
D:1 exclusions: hobgoblin and 1 more exclusion
D:2 exclusion: worm


Innate Abilities, Weirdness & Mutations

You cannot be hasted, slowed, berserked, paralysed or teleported.
You can dig through walls and to a lower floor.
Your four strong arms can wield two-handed weapons with a shield.
You have a pair of large antennae on your head. (SInv)


Message History

Casting: Magic Dart (safe; 4% risk of failure)
Confirm with . or Enter, or press ? or * to list all spells.
The spell is extremely dangerous to cast (30% risk of failure)!
Continue anyway? [Y]es or [N]o only, please.
The spell is extremely dangerous to cast (30% risk of failure)!
Continue anyway?
Aiming: Mephitic Cloud (extremely dangerous; 30% risk of failure)
Press: ? - help, Shift-Dir - straight line, f - bullfrog
Aim: a bullfrog That beam is likely to hit you.
Continue anyway?
The ball explodes into a vile cloud!
The stinking cloud engulfs the bullfrog but does no damage.
The stinking cloud engulfs you but does no damage.
You are feeling hungry.
You are engulfed in noxious fumes.
You choke on the stench!
You are confused.
The bullfrog is engulfed in noxious fumes.
The bullfrog appears confused.
The bullfrog hits you!
You die...

...#..
#.....
..#.#
###.#.#
......
#...#
#☼F##
#.@☼#
#...#
#...#
#...$
#.....
##.....
#......
#.......


You could see a bullfrog (confused).

Vanquished Creatures
  An ooze (D:1)
  3 leopard geckos
  2 ball pythons
  A giant cockroach (D:1)
  4 goblins (D:1)
  6 hobgoblins
  2 jackals (D:2)
  A quokka (D:2)
  2 bats
  2 frilled lizards
  8 kobolds
  2 rats (D:1)
34 creatures vanquished.

Notes
Turn   | Place    | Note
-------+----------+-------------------------------------------
     0 | D:1      | DildoBatman the Formicid Wizard began the quest for the
                  | Orb.
     0 | D:1      | Reached XP level 1. HP: 13/13 MP: 4/4
    20 | D:1      | Reached skill level 1 in Conjurations
   283 | D:1      | Reached XP level 2. HP: 19/19 MP: 4/6
   846 | D:1      | Reached XP level 3. HP: 24/24 MP: 3/7
  1255 | D:2      | Learned a level 3 spell: Conjure Flame
  1259 | D:2      | Learned a level 3 spell: Mephitic Cloud
  2397 | D:3      | You fall into a shaft and drop 3 floors!
  2399 | D:6      | Noticed an ogre
  2409 | D:6      | Noticed a bullfrog
  2423 | D:5      | Entered Level 5 of the Dungeon
  2424 | D:5      | Slain by a bullfrog

Illustrated notes

Levels and vault maps discovered:
D:1:      lightli_arrival_statuegarden, layout_loops_corners
D:2:      layout_basic, serial_glass, glass_columns_a, glass_columns_b,
          first_ration
D:3:      layout_basic, cheibrodos_sewer_entry_bend,
          chequers_ecumenical_altar_grove, serial_curves, eino_curves_04,
          eino_curves_01, wad_floor_pattern_2
D:5:      layout_basic, nicolae_overflow_crystal_walls
D:6:      layout_loops_ring, minmay_temple_entry_trees, basic_altar

Skill      XL: |  1  2  3 |
---------------+----------+-----
Conjurations   | 1 2 3 |  3.1
Dodging        | |  1.7
Stealth        | |  2.4
Spellcasting   | |  3.2
Summonings     | |  1.0
Translocations | |  0.8

Action                   || total
-------------------------++-------
Melee: Unarmed           ||     2
       Short sword       ||     5
 Cast: Magic Dart        ||    81
       Mephitic Cloud    ||     1
 Abil: Dig               ||     1
  Use: Scroll            ||     2
 Stab: Sleeping          ||     1
  Eat: Chunk             ||     4
Armor: Robe              ||     2
Dodge: Dodged            ||    13
